 Dungeon Crawl Stone Soup version 0.25.1-2-g60ff931df9 (webtiles) character file.

Game seed: 11834304133905697902

100 hawla the Skirmisher (level 4, -2/41 HPs)
             Began as a Minotaur Fighter on Oct 25, 2020.
             Slain by an orc wizard
             ... wielding a +2 dagger of draining
              (4 damage)
             ... on level 3 of the Dungeon.
             The game lasted 00:04:23 (2667 turns).

hawla the Skirmisher (Minotaur Fighter)             Turns: 2667, Time: 00:04:26

Health: -2/41      AC:  4    Str: 21    XL:     4   Next: 47%
Magic:  3/3        EV: 11    Int:  5    God:
Gold:   45         SH:  0    Dex: 10    Spells: 3/3 levels left

rFire    . . .     SeeInvis .   a - +1 long sword
rCold    . . .     Gourm    .   (no shield)
rNeg     . . .     Faith    .   q - +0 robe
rPois    .         Spirit   .   (helmet restricted)
rElec    .         Reflect  .   g - +1 cloak
rCorr    .         Harm     .   (no gloves)
MR       .....                  (no boots)
Stlth    +.........             (no amulet)
HPRegen  0.13/turn              h - ring of flight
MPRegen  0.08/turn              (no ring)

@: heavily drained
A: retaliatory headbutt, horns 2
a: Evoke Flight


You were on level 3 of the Dungeon.
You were not hungry.

You visited 1 branch of the dungeon, and saw 3 of its levels.

You collected 45 gold pieces.

Inventory:

Hand Weapons
 a - a +1 long sword (weapon)
Armour
 b - a +0 scale mail
 g - a +1 cloak (worn)
 l - a +0 leather armour
 p - a +0 ring mail
 q - a +0 robe (worn)
Jewellery
 h - a ring of flight (left hand)
Scrolls
 c - a scroll of enchant armour
 m - a scroll of enchant weapon
 n - 4 scrolls of identify
Potions
 d - a potion of might
 i - a potion of brilliance
 o - a potion of degeneration {unknown}
Comestibles
 f - 6 rations
 j - a chunk of flesh


   Skills:
 + Level 4.5(2.3) Fighting
 + Level 4.1(1.9) Long Blades
 + Level 3.6(1.5) Armour
 * Level 2.1(0.1) Dodging
 + Level 0.8(0.0) Stealth
   Level 3.6(1.5) Shields


You had 3 spell levels left.
You didn't know any spells.
Your spell library was empty.

Dungeon Overview and Level Annotations

Branches:
Dungeon (3/15)

Altars:
Fedhas
Sif Muna
The Shining One


Innate Abilities, Weirdness & Mutations

You reflexively headbutt those who attack you in melee.
You have a pair of horns on your head.


Message History

A puff of flame appears from out of thin air!
The puff of flame hits you!
* * * LOW HITPOINT WARNING * * *
Really quaff the potion of lignification?
You turn into a tree.
Your +1 cloak melds into your body.
Your +0 robe melds into your body.
Your roots penetrate the ground.
You hear some strange, mumbled words.
A puff of flame appears from out of thin air!
The puff of flame hits you but does no damage.
It was a potion of brilliance.
You feel clever all of a sudden. Something hits you but does no damage.
It was a potion of cancellation.
Your magical effects are unravelling.
You feel magically purged.
You feel less wooden.
Your +1 cloak unmelds from your body.
Your +0 robe unmelds from your body.
You feel a little less clever now. Something hits you.
You die...

..............#
...........>........#
...................#
...................#
...................####
..................##..
..................#.#
...................#
#{@....รท>....##
##...#.......##
#.....##.....#####
#..#..###..........
....##.=# #.....)....
##### ##.# #..........
#.# #..........
#.###.........#
###.##...........


There were no monsters in sight!

Vanquished Creatures
  4 adders
  An ooze (D:2)
  2 worms
  A dart slug (D:1)
  2 leopard geckos (D:1)
  3 orcs (D:3)
  9 bats
  A giant cockroach (D:2)
  7 hobgoblins
  2 kobolds (D:1)
  5 frilled lizards
  5 goblins
  8 rats
50 creatures vanquished.

Notes
Turn   | Place    | Note
-------+----------+-------------------------------------------
     0 | D:1      | hawla the Minotaur Fighter began the quest for the Orb.
     0 | D:1      | Reached XP level 1. HP: 19/19 MP: 0/0
   342 | D:1      | Reached XP level 2. HP: 25/27 MP: 1/1
  1009 | D:1      | Reached skill level 1 in Dodging
  1459 | D:2      | Found a shimmering blue altar of Sif Muna.
  1493 | D:2      | Reached XP level 3. HP: 21/33 MP: 2/2
  1768 | D:2      | Found a glowing golden altar of the Shining One.
  2054 | D:2      | Reached XP level 4. HP: 36/41 MP: 3/3
  2473 | D:3      | Found a blossoming altar of Fedhas.
  2664 | D:3      | HP: 2/41 [something/puff of flame (8)]
  2667 | D:3      | Slain by an orc wizard

Illustrated notes

Levels and vault maps discovered:
D:1:      dpeg_arrival_tiny_h, layout_loops_corners
D:2:      layout_basic, nicolae_tso_swordbearing_angel, led_sif_pool,
          minmay_tromino_mix6
D:3:      layout_rooms, lemuel_round_altar, nicolae_overflow_crystal_walls,
          marbit_many_paths, minivault_26

Skill      XL: |  1  2  3  4 |
---------------+-------------+-----
Fighting       | 4 |  4.5
Long Blades    | 3 4 |  4.1
Dodging        | 1 2 |  2.1
Armour         | |  3.6
Stealth        | |  0.8
Shields        | |  3.6

Action                   |  1- 3 |  4- 6 || total
-------------------------+-------+-------++-------
Melee: Long sword        |    53 |    29 ||    82
       Headbutt          |    10 |     7 ||    17
  Use: Scroll            |     3 |     2 ||     5
       Potion            |       |     3 ||     3
 Stab: Sleeping          |     2 |       ||     2
  Eat: Chunk             |     3 |     2 ||     5
Armor: Skin              |     5 |     2 ||     7
       Robe              |       |     7 ||     7
Dodge: Dodged            |    33 |    16 ||    49
       Rpst.: Long sword |     8 |     7 ||    15
